 Dungeon Crawl Stone Soup version 0.26.0-10-g1f06aea511 (webtiles) character file.

Game seed: 9432036330672661871

39018 Borgoz the Carver (level 14, -3/99 HPs)
             Began as a Halfling Fighter on Jan 18, 2021.
             Was a Priest of Ashenzari.
             Slain by a cane toad (9 damage)
             ... on level 6 of the Lair of Beasts.
             The game lasted 00:30:50 (21170 turns).

Borgoz the Carver (Halfling Fighter)               Turns: 21170, Time: 00:30:50

Health: -3/99      AC: 27    Str: 17    XL:     14   Next: 37%
Magic:  14/14      EV: 18    Int: 10    God:    Ashenzari [***...]
Gold:   1306       SH:  8    Dex: 19    Spells: 13/13 levels left

rFire    + . .     SeeInvis +   a - +7 scimitar (flame)
rCold    + + +     Faith    .   A - +0 buckler
rNeg     + . .     Spirit   .   t - +9 scale mail of Eternal Night {rF+ rC+ rCorr SInv} (curse)
rPois    +         Reflect  .   o - +1 helmet
rElec    +         Harm     .   l - +1 cloak
rCorr    +         Rampage  .   w - +1 pair of gloves
Will     +++++                  G - +0 pair of boots "Oluut Ick" {rN+ Will++}
Stlth    ..........             H - amulet of Amelioration {Acrobat rC++ Will+ Int+4}
HPRegen  0.26/turn              x - ring of Moderation {+Fly rElec Will+}
MPRegen  0.14/turn              B - ring of poison resistance

@: no status effects
A: small, mutation resistance 1
a: Renounce Religion, Evoke Flight, Curse Item, Scrying


You were on level 6 of the Lair of Beasts.
You worshipped Ashenzari.
Ashenzari was most pleased with you.
You visited 3 branches of the dungeon, and saw 19 of its levels.

You collected 1306 gold pieces.

Inventory:

Hand Weapons
 a - a +7 scimitar of flaming (weapon)
 b - the +5 rapier of Bisu {venom, rC+++ Int+4}
   (You found it on level 10 of the Dungeon)

   It poisons the flesh of those it strikes.
   It affects your intelligence (+4).
   It renders you almost immune to cold.
 f - a +6 scimitar
Armour
 c - a +0 kite shield
 l - a +1 cloak (worn)
 o - a +1 helmet (worn)
 t - the cursed +9 scale mail of Eternal Night (worn) {rF+ rC+ rCorr SInv}
   (You found it on level 4 of the Dungeon)

   It protects you from fire.
   It protects you from cold.
   It lets you see invisible.
   It provides partial protection from all sources of acid and corrosion.
   It has a curse placed upon it.
 w - a +1 pair of gloves (worn)
 A - a +0 buckler (worn)
 G - the +0 pair of boots "Oluut Ick" (worn) {rN+ Will++}
   (You found it on level 1 of the Lair of Beasts)

   It protects you from negative energy.
   It affects your willpower, your defense against some magical effects.
Jewellery
 p - an uncursed ring of fire
 u - a +6 ring of intelligence
 x - the ring of Moderation (left hand) {+Fly rElec Will+}
   (You found it on level 10 of the Dungeon)

   [ring of willpower]

   It insulates you from electricity.
   It affects your willpower, your defense against some magical effects.
   It lets you fly.
 y - an uncursed amulet of reflection
 z - an uncursed ring of flight
 B - a ring of poison resistance (right hand)
 H - the amulet of Amelioration (around neck) {Acrobat rC++ Will+ Int+4}
   (You found it on level 1 of the Lair of Beasts)

   [amulet of the acrobat]

   It helps you evade while moving and waiting.
   It affects your intelligence (+4).
   It greatly protects you from cold.
   It affects your willpower, your defense against some magical effects.
Wands
 e - a wand of iceblast (7)
 g - a wand of paralysis (20)
 q - a wand of digging (13)
 v - a wand of acid (18)
 C - a wand of disintegration (8)
 L - a wand of flame (12)
Scrolls
 i - 5 scrolls of magic mapping
 j - 8 scrolls of identify
 k - 7 scrolls of remove curse
 m - 2 scrolls of enchant armour
 r - 11 scrolls of teleportation
 I - a scroll of fog
 J - a scroll of blinking
 N - a scroll of acquirement {unknown}
Potions
 d - 2 potions of cancellation
 h - 9 potions of curing
 n - 2 potions of brilliance
 s - 3 potions of flight
 D - 3 potions of ambrosia
 E - a potion of might
 F - a potion of haste
 K - a potion of heal wounds


   Skills:
 + Level 10.3 Fighting
 + Level 14.0 Long Blades
 + Level 12.0 Armour
 + Level 8.4 Dodging
 - Level 9.0 Shields
 - Level 5.0 Evocations


You had 13 spell levels left.
You didn't know any spells.
Your spell library contained the following spells:

 Spells                   Type           Power        Failure   Level
 Corona                   Hex            0%           67%         1
 Slow                     Hex            0%           82%         2
 Inner Flame              Hex/Fire       0%           96%         3
 Portal Projectile        Hex/Tloc       0%           96%         3
 Cause Fear               Hex            0%           100%        4
 Ice Form                 Ice/Tmut       0%           100%        4
 Leda's Liquefaction      Hex/Erth       0%           100%        4
 Sticky Flame             Conj/Fire      0%           100%        4
 Summon Lightning Spire   Summ/Air       0%           100%        4
 Bolt of Magma            Conj/Fire/Erth 0%           100%        5
 Iskenderun's Battlesphe  Conj           0%           100%        5
 Metabolic Englaciation   Hex/Ice        0%           100%        5
 Silence                  Hex/Air        0%           100%        5
 Conjure Ball Lightning   Conj/Air       0%           100%        6
 Iron Shot                Conj/Erth      0%           100%        6
 Ozocubu's Refrigeration  Ice            0%           100%        6
 Orb of Destruction       Conj           0%           100%        7
 Spellforged Servitor     Conj/Summ      0%           100%        7
 Tornado                  Air            0%           100%        9


Dungeon Overview and Level Annotations

Branches:
Dungeon (12/15)            Temple (1/1) D:5            Lair (6/6) D:10
 Shoals (0/4) Lair:2        Snake (0/4) Lair:2          Orc (0/2) D:9
  Slime: Lair:5-6

Altars:
Ashenzari
Cheibriados
Dithmenos
Elyvilon
Fedhas
Gozag
Hepliaklqana
Kikubaaqudgha
Makhleb
Nemelex Xobeh
Okawaru
Qazlal
Ru
Sif Muna
Trog
Uskayaw
Vehumet
Wu Jian
Xom
Yredelemnul
Zin
The Shining One
Beogh
Lugonu

Shops:
D:4 (   D:9 }   D:10 =   D:11 [

Portals:
Abyss: Lair:4

Annotations:
D:5 1 runed translucent door, vatarom's ghost, novice DsGl
D:7 2 transporters
D:9 Maurice


Innate Abilities, Weirdness & Mutations

You are small and have problems with some larger weapons.
You are somewhat resistant to further mutation.


Message History

You burn the six-headed hydra.
The six-headed hydra is heavily wounded.
You block the water moccasin's attack.
You hit the six-headed hydra but do no damage.
The six-headed hydra is heavily wounded.
The cane toad stings you but does no damage.
The six-headed hydra bites you but does no damage.
The six-headed hydra misses you. The six-headed hydra bites you.
* * * LOW HITPOINT WARNING * * *
The six-headed hydra misses you. The six-headed hydra bites you!
* * * LOW HITPOINT WARNING * * *
The six-headed hydra bites you!
* * * LOW HITPOINT WARNING * * *
You block the water moccasin's attack.
You hack one of the six-headed hydra's heads off!
The flame cauterises the wound!
You slash the five-headed hydra! You burn the five-headed hydra.
The five-headed hydra is severely wounded.
The cane toad stings you!
You die...

.............(## .≈
...............## ...
................# .... ,
.......<......#### *#....
............#.##.#*#..P..
, *
#.........#.P.#.###......
...............##.P....##
,
...............S..†......
...............F@..Y.....*
≈
...............D†........
.................?.......
, ................... , ≈,
, ...................
.................. ,
................. , , * ,
, ............... , ,


You could see a five-headed hydra, a yak, a cane toad and a water moccasin.

Vanquished Creatures
  Nessos (Lair:5)
  Josephine (D:9)
  Fannar (Lair:2)
  A hydra (Lair:3)
  A two-headed ogre (D:12)
  6 death yaks (Lair:5)
  A fire crab (Lair:6)
  An unseen horror (D:11)
  A lindwurm (Lair:3)
  Pikel (D:8)
  An ugly thing (D:11)
  A cyclops (D:8)
  5 oklob plants
  9 elephants (Lair:5)
  4 black mambas
  11 cane toads
  2 rime drakes
  An efreet (D:12)
  6 komodo dragons
  A troll (D:11)
  9 blink frogs
  A hornet (D:12)
  A slime creature (D:12)
  21 yaks
  A shadow (D:9)
  5 wraiths (D:9)
  A vampire (D:11)
  Eustachio (D:4)
  A wyvern (D:11)
  3 hogs (D:11)
  3 basilisks
  A human (D:11)
  5 water moccasins
  12 orc warriors
  3 black bears
  A necrophage (D:11)
  2 sky beasts
  An ice beast (D:11)
  4 phantoms
  5 ogres
  7 centaurs
  15 wolves
  A lemure (D:8)
  A big kobold (D:11)
  22 bullfrogs
  3 gnoll sergeants (D:10)
  A scorpion (D:6)
  3 killer bees (D:9)
  7 wights
  4 electric eels
  3 howler monkeys
  A bullfrog zombie (D:10)
  13 hounds
  2 quasits
  2 gnoll shamans (D:10)
  A bullfrog skeleton (D:11)
  12 orc wizards
  5 jellies
  13 orc priests
  Jessica (D:3)
  3 centaur skeletons
  Terence (D:3)
  9 iguanas
  7 worker ants
  A howler monkey zombie (D:5)
  A worker ant zombie (D:5)
  15 gnolls
  15 adders
  A howler monkey skeleton (D:11)
  2 shadow imps (D:8)
  3 white imps
  2 oozes
  An adder zombie (D:5)
  A worm (D:4)
  A dart slug (D:2)
  A leopard gecko (D:2)
  56 orcs
  6 giant cockroaches
  8 goblins
  11 hobgoblins
  16 jackals
  6 quokkas
  A ball python (D:3)
  8 bats
  2 frilled lizards
  16 kobolds
  A leopard gecko skeleton (D:9)
  A leopard gecko zombie (D:9)
  A quokka skeleton (D:4)
  7 rats
  A lurking horror (Lair:4)
459 creatures vanquished.

Vanquished Creatures (others)
  An orc (D:10)
  7 fungi
  A lurking horror (Lair:4)
  48 plants
57 creatures vanquished.

Grand Total: 516 creatures vanquished

Notes
Turn   | Place    | Note
-------+----------+-------------------------------------------
     0 | D:1      | Borgoz the Halfling Fighter began the quest for the Orb.
     0 | D:1      | Reached XP level 1. HP: 15/15 MP: 1/1
   111 | D:1      | Reached XP level 2. HP: 18/20 MP: 2/2
   524 | D:1      | Reached XP level 3. HP: 10/25 MP: 3/3
  1378 | D:2      | Reached XP level 4. HP: 31/31 MP: 4/4
  1425 | D:2      | Reached skill level 3 in Long Blades
  1591 | D:2      | Noticed an ogre
  1604 | D:2      | Killed an ogre
  1605 | D:2      | Reached XP level 5. HP: 14/36 MP: 5/5
  2739 | D:3      | Reached XP level 6. HP: 40/42 MP: 6/6
  2751 | D:3      | Reached skill level 4 in Long Blades
  2858 | D:3      | Noticed Terence
  2869 | D:3      | Killed Terence
  3267 | D:3      | Noticed Jessica
  3278 | D:3      | Killed Jessica
  4232 | D:4      | Noticed a phantom
  4285 | D:4      | Killed a phantom
  4286 | D:4      | Reached XP level 7. HP: 35/47 MP: 7/7
  4470 | D:4      | Reached skill level 5 in Long Blades
  4516 | D:4      | Noticed Eustachio
  4785 | D:4      | Killed Eustachio
  4786 | D:4      | Reached skill level 5 in Armour
  4786 | D:4      | Reached skill level 5 in Shields
  4884 | D:4      | Reached XP level 8. HP: 50/54 MP: 8/8
  4973 | D:4      | Found a stormy altar of Qazlal.
  5024 | D:4      | Found a glowing golden altar of the Shining One.
  5213 | D:4      | Found Izinwoss's Antique Weapon Shop.
  5225 | D:4      | Got a distressingly furry scale mail
  5237 | D:4      | Identified the +9 scale mail of Eternal Night {rF+ rC+
                  | rCorr SInv} (You found it on level 4 of the Dungeon)
  5796 | D:5      | Entered Level 5 of the Dungeon
  5798 | D:5      | Found a runed translucent door.
  5832 | D:4      | Reached skill level 6 in Long Blades
  6452 | D:5      | Found a staircase to the Ecumenical Temple.
  6461 | Temple   | Entered the Ecumenical Temple
  6478 | Temple   | Became a worshipper of Ashenzari the Shackled
  6728 | D:5      | Noticed vatarom's ghost (novice DsGl)
  6790 | D:5      | Found a stormy altar of Qazlal.
  6875 | D:5      | Found an iron altar of Okawaru.
  7170 | D:4      | Found an opulent altar of Gozag.
  7410 | D:6      | Reached skill level 5 in Fighting
  7410 | D:6      | Reached XP level 9. HP: 60/61 MP: 9/9
  7434 | D:6      | Reached skill level 7 in Long Blades
  8094 | D:7      | Found an ornate altar of the Wu Jian Council.
  8094 | D:7      | Noticed a tengu conjurer
  8096 | D:7      | Found a burning altar of Makhleb.
  8176 | D:7      | Found a sacrificial altar of Ru.
  8261 | D:7      | Reached skill level 8 in Long Blades
  8371 | D:7      | Found a transporter.
  8400 | D:7      | Found a transporter.
  8519 | D:7      | Reached * piety under Ashenzari
  8919 | D:8      | Noticed Pikel
  8936 | D:8      | Killed Pikel
  8937 | D:8      | Reached XP level 10. HP: 48/68 MP: 10/10
  9186 | D:8      | Reached skill level 9 in Long Blades
  9430 | D:8      | Noticed a cyclops
  9441 | D:8      | Killed a cyclops
  9620 | D:8      | Found a shimmering altar of Xom.
  9622 | D:8      | Found a shimmering blue altar of Sif Muna.
  9622 | D:8      | Found a shadowy altar of Dithmenos.
  9625 | D:8      | Found a shimmering altar of Xom.
  9625 | D:8      | Found a burning altar of Makhleb.
  9625 | D:8      | Found a shadowy altar of Dithmenos.
  9817 | D:8      | Found a shimmering blue altar of Sif Muna.
 10123 | D:9      | Noticed Maurice
 10741 | D:9      | Found a staircase to the Orcish Mines.
 11148 | D:9      | Found Hewello's Gadget Boutique.
 11245 | D:9      | Reached skill level 10 in Long Blades
 11334 | D:10     | Entered Level 10 of the Dungeon
 11334 | D:10     | Noticed Josephine
 11358 | D:9      | Reached XP level 11. HP: 53/75 MP: 11/11
 11624 | D:9      | Killed Josephine
 11823 | D:10     | Found a staircase to the Lair.
 11826 | D:10     | Noticed an oklob plant
 11841 | D:10     | Identified the ring of Moderation {+Fly rElec Will+}
 12131 | D:10     | Found Gaheoniv's Jewellery Shoppe.
 12176 | D:10     | Got the rapier of Bisu {venom, rC+++ Int+4}
 12291 | D:10     | Identified the +5 rapier of Bisu {venom, rC+++ Int+4} (You
                  | found it on level 10 of the Dungeon)
 12612 | D:11     | Reached skill level 11 in Long Blades
 12685 | D:11     | Reached skill level 1 in Dodging
 12717 | D:11     | Reached ** piety under Ashenzari
 12978 | D:11     | Noticed a brown ugly thing
 12994 | D:11     | Killed a brown ugly thing
 13017 | D:11     | Noticed an unseen horror
 13044 | D:11     | Killed an unseen horror
 13444 | D:11     | Reached XP level 12. HP: 74/82 MP: 12/12
 13595 | D:11     | Found a roughly hewn altar of Beogh.
 13793 | D:11     | Reached skill level 12 in Long Blades
 14156 | D:11     | Found Miqeudam's Armour Shoppe.
 14279 | D:12     | Noticed a two-headed ogre
 14294 | D:12     | Killed a two-headed ogre
 14295 | D:12     | Reached skill level 10 in Armour
 15097 | Lair:1   | Entered Level 1 of the Lair of Beasts
 15563 | Lair:1   | Reached skill level 5 in Dodging
 15570 | Lair:1   | Got the uncursed pair of boots "Oluut Ick" {rN+ Will++}
 15581 | Lair:1   | Identified the +0 pair of boots "Oluut Ick" {rN+ Will++}
                  | (You found it on level 1 of the Lair of Beasts)
 15781 | Lair:1   | Identified the amulet of Amelioration {Acrobat rC++ Will+
                  | Int+4}
 16199 | Lair:1   | Identified the Papyrus of Flamy Ice
 16393 | Lair:2   | Reached XP level 13. HP: 45/90 MP: 13/13
 16576 | Lair:2   | Found a staircase to the Snake Pit.
 16708 | Lair:2   | Found a staircase to the Shoals.
 16743 | Lair:2   | Reached skill level 13 in Long Blades
 17183 | Lair:2   | Noticed Fannar
 17208 | Lair:2   | Killed Fannar
 17209 | Lair:2   | Reached skill level 1 in Evocations
 17876 | Lair:3   | Reached *** piety under Ashenzari
 18289 | Lair:3   | Noticed a seven-headed hydra
 18297 | Lair:3   | Killed a three-headed hydra
 18725 | Lair:4   | Found a corrupted altar of Lugonu.
 18727 | Lair:4   | Found a one-way gate to the infinite horrors of the Abyss.
 19801 | Lair:5   | Reached XP level 14. HP: 47/98 MP: 14/14
 20085 | Lair:5   | Noticed Nessos
 20103 | Lair:5   | Killed Nessos
 20104 | Lair:5   | Reached skill level 10 in Fighting
 20982 | Lair:6   | Entered Level 6 of the Lair of Beasts
 21146 | Lair:6   | Reached skill level 14 in Long Blades
 21163 | Lair:6   | Reached skill level 5 in Evocations
 21170 | Lair:6   | Slain by a cane toad

Illustrated notes

Levels and vault maps discovered:
D:1:      minmay_arrival_five_plusses, layout_loops_ring
D:2:      layout_loops_ring, chequers_decorated_corner
D:3:      layout_basic, uniq_jessica, uniq_terence
D:4:      layout_gridville, nicolae_overflow_hidden_temple,
          kennysheep_little_box, serial_shops, kennysheep_mini_moat,
          minmay_stone_trees_small, nicolae_tso_swordbearing_angel,
          uniq_eustachio
D:5:      layout_cave_pools, okawaru_altar_gauntlet_db,
          minmay_temple_entry_mini_moons, hellmonk_ghost_happy_afterlife,
          basic_altar, serial_bayou_lagoon_a, water_maze_lemuel
D:6:      layout_basic, kennysheep_small_spiral
D:7:      layout_cave_pods, nicolae_ru_great_annihilating_truth,
          gammafunk_temple_overflow_arena
D:8:      layout_basic, tgw_sif, doesnt_xom_only_xom, uniq_pikel
D:9:      layout_irregular_city, david_orc_4, serial_shops, shop_statue,
          uniq_maurice
D:10:     layout_big_octagon, dpeg_oklobed_lair, serial_gnoll_camp,
          gnoll_camp_mini_shop, gnoll_camp_mini_basic, gnoll_camp_mini_hut,
          gnoll_camp_huts_basic, uniq_josephine
D:11:     layout_roguey [special_room_orc], serial_shops, shop, grunt_livestock
D:12:     layout_loops_ring
Temple:   eino_temple_water
Lair:1:   layout_chaotic_city, minmay_lair_oklob_chamber
Lair:2:   layout_small_grid, elwin_shoals_entry_rocks, dummy_snake_entry,
          uniq_fannar
Lair:3:   layout_roguey, serial_bayou_pond_e
Lair:4:   layout_long_grid, amcnicky_altar_lugonu_corruption
Lair:5:   layout_cave_pods, uniq_nessos
Lair:6:   wormcave, layout_cave_shapes, guppyfry_lair_end_dragon, slime_dummy,
          chequers_serial_rivers_micro_d, kennysheep_abandoned_house, uniq_urug

Skill      XL: |  1  2  3  4  5  6  7  8  9 10 11 12 13 14 |
---------------+-------------------------------------------+-----
Fighting       | 3 4 5 6 7 8 9 10 | 10.3
Long Blades    | 3 4 5 6 8 10 11 12 13 14 | 14.0
Armour         | 4 5 6 7 8 9 10 11 12 | 12.0
Shields        | 4 5 6 7 8 9 |  9.0
Dodging        | 2 5 7 8 |  8.4
Evocations     | 4 5 |  5.0

Action                   |  1- 3 |  4- 6 |  7- 9 | 10-12 | 13-15 || total
-------------------------+-------+-------+-------+-------+-------++-------
Melee: Long sword        |   110 |   201 |   176 |       |       ||   487
       Scimitar          |       |       |   263 |   896 |   419 ||  1578
Invok: Curse Item        |       |       |       |       |     1 ||     1
Evoke: Wand              |       |       |       |     3 |       ||     3
  Use: Scroll            |     5 |     5 |     7 |    15 |     6 ||    38
       Potion            |       |     1 |     2 |     4 |     1 ||     8
 Stab: Paralysed         |       |       |     1 |       |       ||     1
Armor: Scale mail        |    51 |       |   174 |   348 |   170 ||   743
       Chain mail        |       |    94 |    49 |       |       ||   143
Dodge: Dodged            |    40 |    56 |   145 |   289 |   292 ||   822
Block: Kite shield       |    61 |   113 |   269 |   261 |       ||   704
       Buckler           |       |       |       |   208 |   141 ||   349
       Reflection        |       |       |       |    21 |       ||    21
       Rpst.: Long sword |    11 |    20 |    24 |       |       ||    55
       Scimitar          |       |       |    29 |    74 |    77 ||   180
